 Dungeon Crawl Stone Soup version 0.29.1-15-g9cfb28693d (webtiles) character file.

Game seed: 4702333342740590445

3203 BuddhaDhamma the Severer (level 9, -1/70 HPs)
             Began as a Minotaur Berserker on Mar 21, 2023.
             Was an Elder of Trog.
             Slain by a vampire
             ... wielding a +2 vampiric halberd
              (4 damage)
             ... in a bailey.
             The game lasted 00:13:36 (7327 turns).

BuddhaDhamma the Severer (Minotaur Berserker)       Turns: 7327, Time: 00:13:36

Health: -1/70      AC: 14    Str: 32    XL:     9   Next: 65%
Magic:  8/8        EV:  8    Int:  4    God:    Trog [****..]
Gold:   435        SH:  0    Dex: 10    Spells: 8/8 levels left

rFire   . . .      SeeInvis .   a - +1 hand axe (drain)
rCold   . . .      Faith    .   (no shield)
rNeg    . . .      Spirit   .   y - +0 plate armour
rPois   .          Reflect  .   (helmet restricted)
rElec   .          Harm     .   E - +1 cloak
rCorr   .          Rampage  .   (no gloves)
Will    .....                   h - +0 pair of boots
Stlth   ..........              (no amulet)
HPRegen 0.21/turn               t - +6 ring of strength
MPRegen 0.11/turn               (no ring)

@: on berserk cooldown, slowed, very slow
A: horns 2, retaliatory headbutt
a: Renounce Religion, Berserk, Trog's Hand, Brothers in Arms


You were in a bailey.
You worshipped Trog.
Trog was greatly pleased with you.
You visited 1 branch of the dungeon, and saw 7 of its levels.
You also visited: Bailey.

You collected 435 gold pieces.

Inventory:

Hand Weapons
 a - a +1 hand axe of draining (weapon)
Missiles
 k - 11 poisoned darts (quivered)
 s - a throwing net
Armour
 h - a +0 pair of boots (worn)
 n - a scarf of repulsion
 y - a +0 plate armour (worn)
 E - a +1 cloak (worn)
Jewellery
 t - a +6 ring of strength (left hand)
Wands
 v - a wand of light (14)
 A - a wand of flame (15)
Scrolls
 f - a scroll of magic mapping
 i - 2 scrolls of fear
 j - 5 scrolls of teleportation
 q - a scroll of torment
 x - a scroll of enchant weapon
 B - a scroll of identify
Potions
 b - a potion of heal wounds
 c - a potion of magic
 d - 5 potions of degeneration
 e - a potion of might
 g - a potion of cancellation
 l - a potion of brilliance
 m - 2 potions of curing
 o - a potion of attraction {unknown}
 p - 2 potions of mutation
 r - 2 potions of haste
 u - 3 potions of flight
 C - a potion of invisibility {unknown}
 D - a potion of lignification {unknown}


   Skills:
 - Level 3.6 Fighting
 + Level 16.2 Axes
 - Level 2.4 Armour
 - Level 2.1 Dodging


You had 8 spell levels left.
You didn't know any spells.
Your spell library was empty.

Dungeon Overview and Level Annotations

Branches:
Dungeon (7/15)             Temple (0/1) D:5          Bailey (1/1)

Altars:
Elyvilon
Fedhas
Kikubaaqudgha
Nemelex Xobeh
Ru
Trog
Vehumet
Yredelemnul
Zin
The Shining One

Shops:
D:3 (


Innate Abilities, Weirdness & Mutations

You have a pair of horns on your head.
You reflexively headbutt those who attack you in melee.


Message History

You are exhausted.
You feel yourself slow down.
You feel yourself speed up.
You recover from your berserk rage.
You open the large door.
There is a large open door here.
A vampire comes into view. It is wielding a +2 vampiric halberd.
Found a potion of might.
The vampire mumbles some strange words.
The vampire flickers and vanishes!
Deactivating autopickup; reactivate with Ctrl-A.
No target in view!
A red film seems to cover your vision as you go berserk!
You feel yourself moving faster!
You feel mighty!
Found an iridescent dire flail.
You feel a strong urge to attack something.
Found a potion of might.
Something completely misses you.
You feel your anger nearly subside.
You are no longer berserk.
You are exhausted.
You feel yourself slow down.
You barely miss something. Something hits you!!
Something bites you but does no damage.
You miss something. Your headbutt misses something. Something hits you.
Something bites you but does no damage.
You closely miss something.
You hear some strange, mumbled words.
Something tries to affect you, but you resist.
You completely miss something. Your headbutt misses something.
Something hits you. Something bites you but does no damage.
You hit something. Something hits you! Something bites you but does no damage.
You miss something. Something hits you!
* * * LOW HITPOINT WARNING * * *
Something bites you but does no damage.
You barely miss something. Something hits you!
* * * LOW HITPOINT WARNING * * *
Something bites you but does no damage.
You hit something. Your headbutt misses something. Something hits you!
* * * LOW HITPOINT WARNING * * *
Something bites you.
You die...

##### ##.)!8# ##!!.. ##
#8{.# .8# #.@# ..#
##########..## #..#
#8.......#...##...#
#8.......##......#
#######...##....##
#8....##...##''###
####+#......#)........#
#....#.....))).......8#
#....#...#..).#########


There were no monsters in sight!

Vanquished Creatures
  A gargoyle (Bailey)
  Grinder (D:3)
  Sigmund (D:4)
  A water moccasin (D:6)
  3 ice beasts
  A sky beast (D:7)
  2 black bears
  An ogre (D:4)
  A centaur (D:4)
  2 necrophages
  3 scorpions
  8 vampire bats (Bailey)
  6 wolf zombies (Bailey)
  6 hounds
  2 jellies (D:6)
  2 gnoll boudas
  Crazy Yiuf (D:6)
  2 iguanas (D:5)
  Ijyb (D:3)
  4 orc wizards (D:5)
  A mummy (D:6)
  Robin (D:4)
  10 adders
  12 gnolls
  A shadow imp (D:7)
  A white imp (D:5)
  An ufetubus (D:5)
  2 dart slugs
  13 orcs
  6 ball pythons
  8 bats
  8 endoplasms
  23 goblins
  9 hobgoblins
  4 kobolds
  4 quokkas
  4 frilled lizards
  A hobgoblin zombie (D:6)
  3 kobold zombies (D:6)
  17 orc zombies (Bailey)
  5 rats
183 creatures vanquished.

Notes
Turn   | Place    | Note
-------+----------+-------------------------------------------
     0 | D:1      | BuddhaDhamma the Minotaur Berserker began the quest for the
                  | Orb.
     0 | D:1      | Reached XP level 1. HP: 19/19 MP: 0/0
   107 | D:1      | Reached skill level 4 in Axes
   255 | D:1      | Reached XP level 2. HP: 21/26 MP: 1/1
   659 | D:1      | Reached skill level 5 in Axes
   677 | D:1      | Reached XP level 3. HP: 27/31 MP: 2/2
   810 | D:1      | Found a faded altar of an unknown god.
   817 | D:1      | Reached ** piety under Trog
  1640 | D:2      | Reached XP level 4. HP: 39/39 MP: 3/3
  1681 | D:2      | Reached skill level 6 in Axes
  2212 | D:3      | Found Vant's Weapon Emporium.
  2214 | D:3      | Found an ancient bone altar of Kikubaaqudgha.
  2330 | D:3      | Noticed Grinder
  2339 | D:3      | Killed Grinder
  2340 | D:3      | Reached skill level 8 in Axes
  2340 | D:3      | Reached XP level 5. HP: 30/45 MP: 4/4
  2340 | D:3      | Reached XP level 6. HP: 34/51 MP: 5/5
  2501 | D:3      | You fall into a shaft and drop 3 floors!
  2512 | D:6      | Noticed an ice beast
  2536 | D:6      | Killed an ice beast
  2586 | D:6      | Reached skill level 9 in Axes
  2700 | D:6      | Identified the +9 dagger "Ker Irgho" {vorpal, Drain rC++
                  | rN+ rCorr}
  2783 | D:6      | Noticed an ice beast
  2791 | D:6      | Killed an ice beast
  2792 | D:6      | Reached XP level 7. HP: 57/57 MP: 6/6
  2837 | D:5      | Entered Level 5 of the Dungeon
  2852 | D:5      | Reached skill level 10 in Axes
  3275 | D:3      | Noticed Ijyb
  3298 | D:3      | Killed Ijyb
  3299 | D:3      | Reached skill level 11 in Axes
  3543 | D:4      | Reached *** piety under Trog
  3624 | D:4      | Reached XP level 8. HP: 64/64 MP: 7/7
  3758 | D:4      | Noticed Sigmund
  3787 | D:4      | Killed Sigmund
  3788 | D:4      | Reached skill level 12 in Axes
  3991 | D:4      | Noticed Robin
  4006 | D:4      | Killed Robin
  4422 | D:5      | Reached skill level 13 in Axes
  4431 | D:5      | Found a staircase to the Ecumenical Temple.
  5252 | D:6      | Reached **** piety under Trog
  5396 | D:6      | Reached skill level 14 in Axes
  6014 | D:6      | Found a runed translucent door.
  6015 | D:6      | Noticed Crazy Yiuf
  6023 | D:6      | Killed Crazy Yiuf
  6024 | D:6      | Reached XP level 9. HP: 70/70 MP: 8/8
  6151 | D:6      | Found a blossoming altar of Fedhas.
  6152 | D:6      | Found a sparkling altar of Nemelex Xobeh.
  6168 | D:6      | Found a sacrificial altar of Ru.
  6169 | D:6      | Found a white marble altar of Elyvilon.
  6171 | D:6      | Found a glowing golden altar of the Shining One.
  6171 | D:6      | Found a glowing silver altar of Zin.
  6172 | D:6      | Found a bloodstained altar of Trog.
  6174 | D:6      | Found a basalt altar of Yredelemnul.
  6178 | D:6      | Found a radiant altar of Vehumet.
  6443 | D:7      | Found a flagged portal.
  6458 | Bailey   | Entered a bailey
  6664 | Bailey   | Reached skill level 15 in Axes
  7182 | Bailey   | Noticed a gargoyle
  7190 | Bailey   | Killed a gargoyle
  7191 | Bailey   | Reached skill level 16 in Axes
  7327 | Bailey   | HP: 3/70 [something (10)]
  7327 | Bailey   | Slain by a vampire

Illustrated notes

Levels and vault maps discovered:
D:1:      mainiacjoe_arrival_reflecting_pool, layout_basic,
          dreamdust_ecumenical_altar_angels_and_demons
D:2:      layout_loops_ring
D:3:      layout_basic, kiku_gazebo_pond_becter, serial_shops, shop,
          grunt_decor_mini_mirrors, uniq_ijyb, uniq_grinder
D:4:      layout_basic, kennysheep_small_square, uniq_robin, uniq_sigmund
D:5:      layout_loops_ring, minmay_temple_entry_trees, cheibrodos_gnoll_hut
D:6:      layout_basic, nicolae_overflow_hallway_of_the_gods,
          minmay_mini_ossuary, uniq_crazy_yiuf_cottage
D:7:      layout_rooms, enter_bailey_3, serial_shops,
          nicolae_shop_temple_entry_statues_fountains, uniq_maggie
Bailey:   bailey_polearm_vampire_castle_hellmonk, bailey

Skill      XL: |  1  2  3  4  5  6  7  8  9 |
---------------+----------------------------+-----
Axes           | 4 5 8 9 11 14 16 | 16.2
Fighting       | |  3.6
Armour         | |  2.4
Dodging        | |  2.1

Action                   |  1- 3 |  4- 6 |  7- 9 || total
-------------------------+-------+-------+-------++-------
Melee: Hand axe          |    94 |    54 |   364 ||   512
       Punch             |     1 |       |     6 ||     7
       Headbutt          |    14 |    10 |    56 ||    80
Throw: Dart              |       |       |     4 ||     4
Invok: Berserk           |       |     3 |     8 ||    11
       Trog's Hand       |       |       |     1 ||     1
  Use: Scroll            |       |       |    21 ||    21
       Potion            |       |       |     3 ||     3
 Stab: Distracted        |       |       |     1 ||     1
Armor: Scale mail        |    41 |    13 |       ||    54
       Animal skin       |     1 |       |       ||     1
       Plate armour      |       |     1 |   161 ||   162
Dodge: Dodged            |    51 |    27 |   128 ||   206
       Repelled          |       |       |     2 ||     2
